 Dungeon Crawl Stone Soup version 0.24-a0-504-gcfb02b9d07 (console) character file.

Game seed: 8233767722084346979

177 Horrz the Vandal (level 5, -8/54 HPs)
             Began as a Halfling Hunter on July 16, 2019.
             Was an Initiate of Okawaru.
             Killed by divine providence
             ... invoked by an orc priest
              (12 damage)
             ... on level 4 of the Dungeon on Dec 6, 2019.
             The game lasted 00:13:58 (2778 turns).

Horrz the Vandal (Halfling Hunter)                  Turns: 2778, Time: 00:14:04

Health: -8/54      AC: 22    Str: 10 (13) XL:     5   Next: 88%
Magic:  5/5        EV:  3    Int:  7 (9)  God:    Okawaru [......]
Gold:   176        SH:  0    Dex: 19 (21) Spells: 4/4 levels left

rFire    + . .     SeeInvis .   b - +0 short sword
rCold    . . .     Gourm    .   (shield restricted)
rNeg     + + +     Faith    .   (armour currently unavailable)
rPois    +         Spirit   .   (helmet currently unavailable)
rElec    .         Reflect  .   (cloak currently unavailable)
rCorr    .         Harm     .   (gloves currently unavailable)
MR       .....     NoTele   +   (boots currently unavailable)
Stlth    +++.......             (no amulet)
HPRegen  0.18/turn              m - ring of wizardry
MPRegen  0.09/turn              n - ring of protection from fire

@: agile, tree-form
A: small, mutation resistance 1
a: Renounce Religion


You were on level 4 of the Dungeon.
You worshipped Okawaru.
Okawaru was noncommittal.
You were hungry.
You were a tree.
You visited 1 branch of the dungeon, and saw 4 of its levels.

You collected 176 gold pieces.

Inventory:

Hand Weapons
 a - a +1 hunting sling
 b - a +0 short sword (weapon)
 h - a +1 dagger of draining
 k - a +0 dagger of draining
Missiles
 d - 54 sling bullets
 j - 143 stones (quivered)
Armour
 c - a +0 leather armour
 o - a +0 cloak (melded)
 p - a +0 chain mail (melded)
Jewellery
 m - a ring of wizardry (left branch)
 n - a ring of protection from fire (right branch)
Wands
 g - a wand of polymorph (4)
Scrolls
 e - 7 scrolls of remove curse {unknown}
 i - 7 scrolls of identify {unknown}
 q - a scroll of enchant weapon {unknown}
 v - a scroll of teleportation {unknown}
Potions
 t - 2 potions of flight
 w - a potion of mutation {unknown}
Comestibles
 f - 7 rations


   Skills:
 + Level 3.0 Fighting
 + Level 3.0 Short Blades
 + Level 7.0 Slings
 + Level 1.4 Armour
 + Level 2.8 Dodging
 - Level 1.1 Stealth


You had 4 spell levels left.
You didn't know any spells.
Your spell library was empty.

Dungeon Overview and Level Annotations

Branches:
Dungeon (4/15)
 Temple: D:4-7

Altars:
Okawaru


Innate Abilities, Weirdness & Mutations

You are small and have problems with some larger weapons.
You are somewhat resistant to further mutation.


Message History

It was a potion of cancellation.
Your magical effects are unravelling.
You feel magically purged.
You float gracefully downwards.
The orc priest calls down the wrath of Beogh upon you.
You barely resist.
The orc priest looks satisfied for a moment.
It was a potion of degeneration.
There was something very wrong with that liquid.
You feel weakened.
You feel dopey.
You feel clumsy.
The orc priest hits you but does no damage.
It was a potion of agility.
You feel agile all of a sudden. The orc barely misses you.
It was a potion of lignification.
You turn into a tree.
Your +0 cloak melds into your body.
Your +0 chain mail melds into your body.
Your roots penetrate the ground.
The orc hits you but does no damage.
The orc priest mumbles some strange prayers to Beogh against you.
Beogh smites you!
You die...

#. #..........###
#.##.........##
#..#......####
...#....### .....####
....## .
..#..################".(
. ##††..........oo...(..
#........†...♣o.(...(
#..#..........######.(
#..#...........##
#.###...........## #.
##...........# #.
#...........# #.
##..........# ..
##.........# #.........#


You could see 2 orc priests and an orc.

Vanquished Creatures
  A hound (D:4)
  A worker ant (D:4)
  4 adders
  3 worms
  3 dart slugs
  2 leopard geckos
  4 orcs
  2 ball pythons
  10 bats
  A giant cockroach (D:1)
  4 hobgoblins
  7 jackals (D:1)
  7 kobolds
  2 quokkas
  5 frilled lizards
  4 goblins
  10 rats
70 creatures vanquished.

Notes
Turn   | Place    | Note
-------+----------+-------------------------------------------
     0 | D:1      | Horrz the Halfling Hunter began the quest for the Orb.
     0 | D:1      | Reached XP level 1. HP: 14/14 MP: 1/1
   105 | D:1      | Reached skill level 6 in Slings
   106 | D:1      | Reached XP level 2. HP: 19/19 MP: 2/2
   107 | D:1      | Reached skill level 1 in Short Blades
   412 | D:1      | Reached XP level 3. HP: 23/24 MP: 3/3
   987 | D:2      | Reached XP level 4. HP: 30/30 MP: 4/4
  1020 | D:2      | Found an iron altar of Okawaru.
  1027 | D:2      | Became a worshipper of Warmaster Okawaru
  2015 | D:3      | Reached XP level 5. HP: 36/36 MP: 5/5
  2468 | D:4      | Reached skill level 1 in Armour
  2472 | D:4      | Reached skill level 7 in Slings
  2778 | D:4      | Killed from afar by an orc priest

Levels and vault maps discovered:
D:1:      wander_arrival_fairy_ring, layout_loops_corners
D:2:      layout_basic, first_ration, okawaru_trees_2
D:3:      layout_rooms
D:4:      wander_river, layout_cave_pods, serial_shops, kennysheep_mini_moat

Skill      XL: |  1  2  3  4  5 |
---------------+----------------+-----
Slings         | 6 7 |  7.0
Fighting       | 2 3 |  3.0
Short Blades   | 1 2 3 |  3.0
Armour         | 1 |  1.4
Dodging        | |  2.8
Stealth        | |  1.1

Action                   |  1- 3 |  4- 6 || total
-------------------------+-------+-------++-------
Melee: Short sword       |       |    22 ||    22
 Fire: Hunting sling     |    72 |   137 ||   209
  Use: Potion            |       |     6 ||     6
  Eat: Ration            |       |     1 ||     1
       Chunk             |       |     1 ||     1
Armor: Leather armour    |     6 |       ||     6
       Chain mail        |       |    17 ||    17
       Skin              |       |     1 ||     1
Dodge: Dodged            |    20 |    24 ||    44

Table legend:
 A = Non-vault XP
 B = Vault XP
 C = Vault XP percentage of total XP
 D = Non-vault monster count
 E = Vault monster count
 F = Vault count percentage of total count
                 A         B        C        D         E       F
            +---------+---------+-------+---------+---------+-------
      Total |     254 |       0 |   0.0 |      70 |       0 |   0.0
            +---------+---------+-------+---------+---------+-------
        D:1 |      48 |       0 |   0.0 |      27 |       0 |   0.0
        D:2 |      47 |       0 |   0.0 |      17 |       0 |   0.0
        D:3 |      65 |       0 |   0.0 |      16 |       0 |   0.0
        D:4 |      94 |       0 |   0.0 |      10 |       0 |   0.0
            +---------+---------+-------+---------+---------+-------
